 Dungeon Crawl Stone Soup version 0.20.0-8-g6b59dc7 (webtiles) character file.

715 HeyBub the Chopper (level 7, -7/61 HPs)
             Began as a Minotaur Berserker on May 30, 2017.
             Was a Priest of Trog.
             Killed by nerve-wracking pain
             ... invoked by Menkaure
              (12 damage)
             ... on level 5 of the Dungeon.
             The game lasted 00:04:54 (3557 turns).

HeyBub the Chopper (Minotaur Berserker)             Turns: 3557, Time: 00:04:55

Health: -7/61      AC: 12    Str: 29    XL:     7   Next: 41%
Magic:  6/6        EV: 14    Int:  4    God:    Trog [***...]
Gold:   225        SH:  0    Dex: 14    Spells: 6/6 levels left

rFire    . . .     SeeInvis .   a - +0 hand axe
rCold    . . .     Gourm    .   (no shield)
rNeg     . . .     Faith    .   p - +0 plate armour
rPois    .         Spirit   .   (helmet restricted)
rElec    .         Reflect  .   (no cloak)
rCorr    .         Harm     .   (no gloves)
MR       .....                  (no boots)
Stlth    ..........             (no amulet)
Regen    0.2/turn               (no ring)
MPRegen  0.1/turn               (no ring)

@: mighty, agile, berserk cooldown
A: retaliatory headbutt, horns 2
a: Berserk, Trog's Hand, Burn Spellbooks, Renounce Religion


You were on level 5 of the Dungeon.
You worshipped Trog.
Trog was most pleased with you.
You were hungry.

You visited 1 branch of the dungeon, and saw 5 of its levels.

You collected 225 gold pieces.

Inventory:

Hand Weapons
 a - a +0 hand axe (weapon)
Missiles
 b - 25 bolts
 w - 5 tomahawks (quivered)
Armour
 p - a +0 plate armour (worn)
Jewellery
 o - an uncursed amulet of harm {unknown}
 u - an uncursed amulet of rage {unknown}
 x - a +5 amulet of reflection {unknown}
Scrolls
 d - 2 scrolls of teleportation {unknown}
 f - a scroll of magic mapping {unknown}
 g - a scroll of fog {unknown}
 i - 3 scrolls of remove curse {unknown}
 j - a scroll of blinking {unknown}
 k - a scroll of enchant armour {unknown}
 m - 2 scrolls of enchant weapon {unknown}
 q - 2 scrolls of identify {unknown}
 s - 3 scrolls of recharging {unknown}
 y - 2 scrolls of fear {unknown}
Potions
 e - a potion of haste
 n - a potion of might
 r - a potion of ambrosia {unknown}
 t - a potion of heal wounds {unknown}
Comestibles
 c - 4 bread rations
 v - 2 royal jellies


   Skills:
 + Level 5.6 Fighting
 + Level 7.4 Axes
 + Level 5.1 Armour
 + Level 3.5 Dodging
 + Level 1.2 Stealth


You had 6 spell levels left.
You didn't know any spells.

Dungeon Overview and Level Annotations

Branches:
Dungeon (5/15)
 Temple: D:4-7

Altars:
Dithmenos
Elyvilon

Annotations:
D:5 Menkaure


Innate Abilities, Weirdness & Mutations

You reflexively headbutt those who attack you in melee.
You have a pair of horns on your head.


Message History

You barely miss Menkaure.
Menkaure is moderately damaged.
Menkaure hits you!
* * * LOW HITPOINT WARNING * * *
It was a potion of haste.
You feel yourself speed up. Menkaure hits you.
* * * LOW HITPOINT WARNING * * *
Okay, then.
It was a potion of cancellation.
Your magical effects are unravelling.
You feel magically purged.
You feel yourself speed up.
You feel yourself slow down. Menkaure hits you but does no damage.
It was a potion of agility.
You feel agile all of a sudden. Menkaure hits you but does no damage.
It was a potion of might.
You feel very mighty all of a sudden.
Menkaure gestures at you while chanting.
Pain shoots through your body!
You die...

####.#####.# ####
>.......##.#
#.......# #.##.##.#
####.......#
#.......##.#
#.##.#.###.#####..
#.##.#.###...<....
.......))..@M......
.#......####.......
#.##.#.# #####..
#......# #.##.#.# #
#.#.# # #.# ..


You could see Menkaure.

Vanquished Creatures
  3 ogres
  A howler monkey (D:5)
  Jessica (D:2)
  Terence (D:2)
  5 orc wizards
  4 worker ants (D:4)
  3 adders
  2 oozes
  5 dart slugs
  2 leopard geckos (D:4)
  13 orcs
  5 bats
  3 giant cockroaches
  7 goblins
  8 hobgoblins
  8 jackals (D:2)
  6 kobolds
  2 quokkas
  2 ball pythons
  8 frilled lizards
  A giant cockroach zombie (D:5)
  7 rats
97 creatures vanquished.

Notes
Turn   | Place    | Note
-------+----------+-------------------------------------------
     0 | D:1      | HeyBub the Minotaur Berserker began the quest for the Orb.
     0 | D:1      | Reached XP level 1. HP: 19/19 MP: 0/0
    36 | D:1      | Reached skill level 4 in Axes
    36 | D:1      | Reached XP level 2. HP: 25/27 MP: 1/1
   612 | D:2      | Found a shadowy altar of Dithmenos.
   624 | D:2      | Reached ** piety under Trog
   753 | D:2      | Reached XP level 3. HP: 27/33 MP: 2/2
   782 | D:2      | Found a shadowy altar of Dithmenos.
   886 | D:2      | Noticed Terence
   900 | D:2      | Killed Terence
   900 | D:2      | Reached skill level 5 in Axes
   900 | D:2      | Reached XP level 4. HP: 22/41 MP: 3/3
  1193 | D:2      | Noticed Jessica
  1211 | D:2      | Killed Jessica
  1211 | D:2      | Reached *** piety under Trog
  1480 | D:3      | Reached XP level 5. HP: 47/47 MP: 4/4
  1531 | D:3      | Found a white marble altar of Elyvilon.
  2045 | D:4      | Reached skill level 5 in Fighting
  2045 | D:4      | Reached skill level 6 in Axes
  2346 | D:4      | Reached XP level 6. HP: 56/56 MP: 5/5
  3239 | D:4      | Reached skill level 7 in Axes
  3480 | D:5      | Entered Level 5 of the Dungeon
  3529 | D:5      | Reached XP level 7. HP: 50/61 MP: 6/6
  3531 | D:5      | Reached skill level 1 in Stealth
  3534 | D:5      | Reached skill level 5 in Armour
  3547 | D:5      | Noticed Menkaure
  3557 | D:5      | Killed from afar by Menkaure

Skill      XL: |  1  2  3  4  5  6  7 |
---------------+----------------------+-----
Axes           | 4 5 6 7 |  7.4
Fighting       | 4 5 |  5.6
Dodging        | 3 |  3.5
Armour         | 4 5 |  5.1
Stealth        | 1 |  1.2

Action                   |  1- 3 |  4- 6 |  7- 9 || total
-------------------------+-------+-------+-------++-------
Melee: Hand axe          |    78 |   158 |    12 ||   248
       Headbutt          |    13 |    19 |     1 ||    33
Invok: Burn Spellbooks   |       |     1 |       ||     1
       Berserk           |       |     2 |     1 ||     3
  Use: Potion            |       |       |     4 ||     4
 Stab: Sleeping          |     1 |       |       ||     1
  Eat: Chunk             |       |     9 |       ||     9
       Fruit             |       |     2 |       ||     2
Armor: Animal skin       |    15 |       |       ||    15
       Plate armour      |       |    89 |     4 ||    93
Dodge: Dodged            |    50 |    66 |     1 ||   117
